 Dungeon Crawl Stone Soup version 0.27.1-1-g398f81649c (webtiles) character file.

Game seed: 11791076473033133239

7 Rickety the Sneak (level 1, -2/9 HPs)
             Began as a Spriggan Enchanter on Sept 19, 2021.
             Slain by a frilled lizard (3 damage)
             ... on level 1 of the Dungeon.
             The game lasted 00:00:54 (195 turns).

Rickety the Sneak (Spriggan Enchanter)               Turns: 195, Time: 00:00:54

Health: -2/9       AC:  2    Str:  4    XL:     1   Next: 91%
Magic:  2/5        EV: 17    Int: 16    God:
Gold:   0          SH:  0    Dex: 15    Spells: 4/5 levels left

rFire    . . .     SeeInvis +   a - +1 dagger
rCold    . . .     Faith    .   (shield restricted)
rNeg     . . .     Spirit   .   b - +0 robe
rPois    .         Reflect  .   (helmet restricted)
rElec    .         Harm     .   (no cloak)
rCorr    .         Rampage  .   (gloves unavailable)
Will     .....                  (boots unavailable)
Stlth    +++.......             (no amulet)
HPRegen  0.03/turn              (no ring)
MPRegen  0.09/turn              (no ring)

@: very quick
A: very small, no large weapons, unfitting armour, see invisible, speed 3
a: no special abilities


You were on level 1 of the Dungeon.
You visited 1 branch of the dungeon, and saw 1 of its levels.

Inventory:

Hand Weapons
 a - a +1 dagger (weapon)
Armour
 b - a +0 robe (worn)
Scrolls
 c - a scroll of identify {unknown}


   Skills:
 + Level 1.1 Short Blades
 + Level 2.9 Dodging
 * Level 4.9 Stealth
 + Level 2.6 Spellcasting
 + Level 3.8 Hexes


You had 4 spell levels left.
You knew the following spells:

 Your Spells              Type           Power      Damage    Failure   Level
a - Corona                Hex            15%        N/A       4%          1

Your spell library contained the following spells:

 Spells                   Type           Power      Damage    Failure   Level
 Confusing Touch          Hex            14%        N/A       12%         3
 Tukima's Dance           Hex            14%        N/A       12%         3
 Ensorcelled Hibernation  Hex/Ice        16%        N/A       13%         2
 Dazzling Flash           Conj/Hex       16%        N/A       26%         3


Dungeon Overview and Level Annotations

Branches:
Dungeon (1/15)

Altars:


Innate Abilities, Weirdness & Mutations

You are very small and have problems with some larger weapons.
You are too small for most types of armour.
You have supernaturally acute eyesight. (SInv)
You cover ground extremely quickly. (Speed+++)


Message History

The jackal closely misses you.
Casting: Corona (safe; 4% risk of failure)
Confirm with . or Enter, or press ? or * to list all spells.
Aiming: Corona (safe; 4% risk of failure)
Press: ? - help, Shift-Dir - straight line, f/p - frilled lizard
Aim: a frilled lizard (chance to affect: 68%)
The jackal barely resists.
The jackal closely misses you. The jackal bites you.
The jackal closely misses you.
You hit the jackal.
The jackal is lightly wounded.
The jackal barely misses you. The jackal misses you.
The jackal closely misses you.
Casting: Corona (safe; 4% risk of failure)
Confirm with . or Enter, or press ? or * to list all spells.
Aiming: Corona (safe; 4% risk of failure)
Press: ? - help, Shift-Dir - straight line, f/p - frilled lizard
Aim: a frilled lizard (chance to affect: 68%)
The jackal is outlined in light.
The jackal bites you. The jackal barely misses you.
You barely miss the jackal.
The jackal is lightly wounded.
The jackal closely misses you. The jackal misses you. x2
You hit the jackal.
The jackal is heavily wounded.
The jackal misses you. The jackal barely misses you.
The jackal closely misses you.
You hit the jackal.
You kill the jackal!
The jackal closely misses you.
Casting: Corona (safe; 4% risk of failure)
Confirm with . or Enter, or press ? or * to list all spells.
Aiming: Corona (safe; 4% risk of failure)
Press: ? - help, Shift-Dir - straight line, f - jackal, p - frilled lizard
Aim: a jackal (chance to affect: 68%)
The jackal is outlined in light.
The jackal bites you. The frilled lizard misses you. The jackal misses you.
You closely miss the jackal. The jackal bites you.
* * * LOW HITPOINT WARNING * * *
The frilled lizard bites you.
You die...

##### ######...# #......#+#
###.######.#### .##.###..#.#..##
########## .....#.#.#.#.#.#
##.....?.... ###..#..#...#..#
####...........
#.S.####.....#####..............
..#.+.....<.....@h.#.....>?.....
########.....####l.#............
.## #..#...#..###..............
.S####.#.#.#.#.####.............
#.r.###..#.#..##................
###...####.######...............
.......###+# #.......#.###...
...###..# ......###..... ..
...............#..... #.......


You could see a jackal (corona) and a frilled lizard.

Vanquished Creatures
  2 endoplasms (D:1)
  2 hobgoblins (D:1)
  A jackal (D:1)
  A frilled lizard (D:1)
6 creatures vanquished.

Notes
Turn   | Place    | Note
-------+----------+-------------------------------------------
     0 | D:1      | Rickety the Spriggan Enchanter began the quest for the Orb.
     0 | D:1      | Reached XP level 1. HP: 9/9 MP: 5/5
   195 | D:1      | Slain by a frilled lizard

Illustrated notes

Levels and vault maps discovered:
D:1:      nzn_arrival_crosshair, layout_rooms, basic_ecumenical_altar,
          minivault_24

Action                   || total
-------------------------++-------
Melee: Dagger            ||    19
 Cast: Corona            ||     6
 Stab: Sleeping          ||     3
Armor: Robe              ||     1
Dodge: Dodged            ||    27
